 Dungeon Crawl Stone Soup version 0.20-a0-1089-g3fde505 (webtiles) character file.

0 Chaoticas the Shield-Bearer (level 1, -3/19 HPs)
             Began as a Minotaur Fighter on May 4, 2017.
             Slain by a worm (7 damage)
             ... on level 1 of the Dungeon.
             The game lasted 00:00:28 (134 turns).

Chaoticas the Shield-Bearer (Minotaur Fighter)       Turns: 134, Time: 00:00:29

Health: -3/19      AC:  6    Str: 20    XL:     1   Next: 8%
Magic:  0/0        EV:  7    Int:  5    God:
Gold:   35         SH:  9    Dex:  9    Spells: 0/0 levels left

rFire    . . .     SeeInvis .   a - +0 war axe
rCold    . . .     Gourm    .   c - +0 shield
rNeg     . . .     Faith    .   b - +0 scale mail
rPois    .         Spirit   .   (helmet restricted)
rElec    .         Reflect  .   (no cloak)
rCorr    .         Harm     .   (no gloves)
MR       .....                  (no boots)
Stlth    ..........             (no amulet)
Regen    0.1/turn               (no ring)
MPRegen  0.1/turn               (no ring)

@: no status effects
A: retaliatory headbutt, horns 2
a: no special abilities


You were on level 1 of the Dungeon.
You were not hungry.

You visited 1 branch of the dungeon, and saw 1 of its levels.

You collected 35 gold pieces.

Inventory:

Hand Weapons
 a - a +0 war axe (weapon)
Armour
 b - a +0 scale mail (worn)
 c - a +0 shield (worn)
Scrolls
 e - a scroll of remove curse {unknown}
Potions
 d - a potion of might
Comestibles
 f - a bread ration
 g - a royal jelly
 h - a meat ration


   Skills:
 + Level 3.6 Fighting
 * Level 2.5 Axes
 + Level 3.6 Armour
 + Level 3.6 Shields


You couldn't memorise any spells.
You didn't know any spells.

Dungeon Overview and Level Annotations

Branches:
Dungeon (1/15)

Altars:


Innate Abilities, Weirdness & Mutations

You reflexively headbutt those who attack you in melee.
You have a pair of horns on your head.


Message History

You block the kobold's attack.
You slash the kobold!
You kill the kobold!
No target in view!
No target in view!
Things that are here:
a whip; a stone
Found a stone staircase leading down.
You now have 17 gold pieces (gained 12).
You now have 35 gold pieces (gained 18).
h - a meat ration
There is a stone staircase leading down here.
e - a scroll labeled GOLYOROIFA
Found an escape hatch in the floor.
A kobold comes into view.
The kobold shouts!
There are monsters nearby!
The worm bites you!
You slash the worm!
The worm is moderately wounded.
The worm bites you!
* * * LOW HITPOINT WARNING * * *
You are too injured to fight recklessly!
You are too injured to fight recklessly!
You are too injured to fight recklessly!
You are too injured to fight recklessly!
You are too injured to fight recklessly!
You are too injured to fight recklessly!
You are too injured to fight recklessly!
You are too injured to fight recklessly!
You are too injured to fight recklessly!
You are too injured to fight recklessly!
You are too injured to fight recklessly!
You are too injured to fight recklessly!
You are too injured to fight recklessly!
You are too injured to fight recklessly!
You are too injured to fight recklessly!
You are too injured to fight recklessly!
You are too injured to fight recklessly!
You are too injured to fight recklessly!
You are too injured to fight recklessly!
You are too injured to fight recklessly!
You are too injured to fight recklessly!
You are too injured to fight recklessly!
You are too injured to fight recklessly!
Unknown command.
Your shield prevents you from hitting the worm.
The worm is moderately wounded.
The worm bites you!
You die...

#..##... #..##.K
##########..##.# ..##.§≈≈≈.....#
#.##≈§.>......# #
####.##≈.§.≈..K..#
.###.#.#..#####..##.#
#[..#.##≈.#####..##.#
##.###....##.##.@##.#
#.####...<#.#.#.w##.#
#.#..######.#.#..##.#
.#.#...#..#.###..##.#
##.####.##.####..##.#. ##### ..
##...##§§##.##..##.#.##...#...
###..#§§#.##..##.#......#..
##..##.###..##.#........
###########(###..##.#......#####


You could see a worm and a kobold.

Vanquished Creatures
  A kobold (D:1)
1 creature vanquished.

Notes
Turn   | Place    | Note
-------+----------+-------------------------------------------
     0 | D:1      | Chaoticas the Minotaur Fighter began the quest for the Orb.
     0 | D:1      | Reached XP level 1. HP: 19/19 MP: 0/0
   133 | D:1      | HP: 4/19 [worm (8)]
   134 | D:1      | Slain by a worm

Vault maps used:
D:1:      dpeg_arrival_brainrot, minmay_statues_item

Action                   || total
-------------------------++-------
Melee: War axe           ||     3
Block: Shield            ||     1
